 Dungeon Crawl Stone Soup version 0.19.1 (webtiles) character file.

41 Melicamp the Ruffian (level 3, -1/31 HPs)
             Began as a Naga Transmuter on Dec 1, 2016.
             Slain by a frilled lizard (3 damage)
             ... on level 1 of the Dungeon.
             The game lasted 00:05:56 (1644 turns).

Melicamp the Ruffian (Naga Transmuter)              Turns: 1644, Time: 00:05:57

Health: -1/31      AC:  2    Str: 13    XL:     3   Next: 52%
Magic:  6/6        EV: 10    Int: 13    God:
Gold:   43         SH:  0    Dex: 11    Spells: 3 memorised, 0 levels left

rFire  . . .     SeeInvis +       - Unarmed
rCold  . . .     Gourm    .     e - +0 robe
rNeg   . . .     Faith    .     (no shield)
rPois  +         Spirit   .     (no helmet)
rElec  .         Reflect  .     (no cloak)
rCorr  .         Harm     .     (no gloves)
MR     .....                    (no barding)
Stlth  +.........               (no amulet)
                                (no ring)
                                (no ring)

@: very slow
A: see invisible, deformed body, poison resistance, slowness 2, slow metabolism
1, spit poison 1, AC +1
a: Spit Poison


You were on level 1 of the Dungeon.
You were not hungry.

You visited 1 branch of the dungeon, and saw 2 of its levels.

You collected 43 gold pieces.

Inventory:

Missiles
 a - 12 arrows
 g - 9 bolts
Armour
 e - a +0 robe (worn)
Jewellery
 h - an uncursed ring of protection from fire {unknown}
Scrolls
 i - a scroll of random uselessness {unknown}
Potions
 b - a potion of flight {unknown}
Books
 c - a book of Changes

   Spells                             Type                      Level
   a - Beastly Appendage              Transmutation                1
   b - Sticks to Snakes               Transmutation                2
   c - Spider Form                    Transmutation/Poison         3
   d - Ice Form                       Ice/Transmutation            4
   e - Blade Hands                    Transmutation                5
Comestibles
 d - a bread ration
 f - 2 beef jerkies
 j - a chunk of flesh


   Skills:
 - Level 1.0 Fighting
 - Level 1.5 Dodging
 * Level 4.1 Unarmed Combat
 - Level 2.0 Spellcasting
 - Level 2.5 Transmutations


You couldn't memorise any spells.
You knew the following spells:

 Your Spells              Type           Power        Failure   Level  Hunger
a - Beastly Appendage     Tmut           #.....       10%         1    ##.....
b - Sticks to Snakes      Tmut           #.......     14%         2    ###....
c - Spider Form           Tmut/Pois      #.........   52%         3    ####...


Dungeon Overview and Level Annotations

Branches:
Dungeon (2/15)

Altars:
Yredelemnul


Innate Abilities, Weirdness & Mutations

You cannot wear boots.
Your serpentine skin is tough. (AC +1)
You have supernaturally acute eyesight. (SInv)
Armour fits poorly on your strangely shaped body.
Your system is resistant to poisons. (rPois)
You cover ground very slowly.
You have a slow metabolism.
You can spit poison.


Message History

* * * LOW HITPOINT WARNING * * *
You miss the frilled lizard.
Your headbutt misses the frilled lizard.
The frilled lizard is heavily wounded.
The frilled lizard closely misses you.
You hit the frilled lizard but do no damage.
The frilled lizard is heavily wounded.
The frilled lizard bites you.
* * * LOW HITPOINT WARNING * * *
You closely miss the frilled lizard.
Your headbutt misses the frilled lizard.
The frilled lizard is heavily wounded.
Your horns disappear.
The frilled lizard bites you but does no damage.
You completely miss the frilled lizard.
The frilled lizard is heavily wounded.
You miss the frilled lizard.
The frilled lizard is heavily wounded.
The frilled lizard bites you.
You die...

.................#
.................#
.................#
####.............# ##
#.............# .#
#.......#.....#
'###.......#.#...#
...#.#####.#.....#
...........#...l@#
.....#.⌠⌠⌠.#..#+##
.....#...(.)..#.#
.....#.#####..#l#
...#.#..........#####
.....#.####.........#
###(...# #.#..)###.#
#...## ##.#..>....#
##### #.....#.#..#


You could see a frilled lizard.

Vanquished Creatures
  A worm (D:2)
  3 dart slugs (D:1)
  A leopard gecko (D:1)
  7 bats (D:1)
  5 goblins (D:1)
  4 hobgoblins (D:1)
  2 ball pythons (D:1)
  A frilled lizard (D:1)
  3 kobolds (D:1)
  5 rats (D:1)
32 creatures vanquished.

Notes
Turn   | Place    | Note
-------+----------+-------------------------------------------
     0 | D:1      | Melicamp the Naga Transmuter began the quest for the Orb.
     0 | D:1      | Reached XP level 1. HP: 18/18 MP: 3/3
   365 | D:1      | Reached XP level 2. HP: 20/25 MP: 3/5
  1120 | D:1      | Reached XP level 3. HP: 30/31 MP: 4/6
  1321 | D:1      | Learned a level 2 spell: Sticks to Snakes
  1325 | D:1      | Learned a level 3 spell: Spider Form
  1335 | D:1      | Reached skill level 4 in Unarmed Combat
  1541 | D:2      | Found a basalt altar of Yredelemnul.
  1562 | D:2      | HP: 1/31 [worm (2)]
  1644 | D:1      | Slain by a frilled lizard

Skill      XL: |  1  2  3 |
---------------+----------+-----
Unarmed Combat | 4 |  4.1
Fighting       | |  1.0
Dodging        | |  1.5
Spellcasting   | |  2.0
Transmutations | |  2.5

Action                   || total
-------------------------++-------
Melee: Unarmed           ||   155
       Headbutt          ||    10
 Cast: Beastly Appendage ||    19
 Abil: Spit Poison       ||     1
  Use: Scroll            ||     2
  Eat: Chunk             ||     2
Armor: Robe              ||    31
Dodge: Dodged            ||    65
